AoeStats
← waw15

African Clearing

504303626Analyzed
3v3 RM · 26d ago on Sep 4, 2026· 59m 21s· 6 players
Game mode
Random Map
Map size
Normal (6 player)
Population
200
Speed
Normal
Resources
Standard
Victory
Conquest
Starting age
Dark Age
Ending age
Imperial Age
RankedLock teamsTeams togetherTeam positionsShared explorationLock speedFull tech treeHidden civsTurbo modeCheats
Victory
Defeat
🇵🇱 Hindustanis · Poland
927
+13
🇬🇧 Japanese · United Kingdom
905
+14
🇧🇪 Byzantines · Belgium
877
+15
🇩🇪 Celts · Germany
900
-15
🇩🇪 Franks · Germany
877
-15
🇩🇪 Mongols · Germany
814
-12
waw15
10:58 Loom
13:37 Feudal Age
18:13 Castle Age
16:53 Stone Mining
16:50 Double-Bit Axe
16:46 Man-at-Arms
17:57 Horse Collar
19:50 Gambesons
20:08 Long Swordsman
24:13 Pikeman
26:37 Yasama
31:37 Guard Tower
32:44 Heavy Plow
34:03 Fletching
34:24 Forging
35:43 Thumb Ring
34:58 Elite Skirmisher
35:54 Caravan
38:02 Bodkin Arrow
38:43 Iron Casting
40:42 Imperial Age
38:55 Bow Saw
41:13 Padded Archer Armor
42:37 Chemistry
42:38 Gold Mining
44:05 Scale Mail Armor
45:26 Two-Man Saw
46:12 Wheelbarrow
46:20 Bracer
47:21 Blast Furnace
46:37 Leather Archer Armor
46:24 Bracer
49:36 Ballistics
50:53 Elite Samurai
55:45 Ring Archer Armor
55:30 Chain Mail Armor
57:21 Keep
58:51 Plate Mail Armor
PiotrekEs
10:33 Loom
13:44 Feudal Age
15:12 Double-Bit Axe
18:31 Castle Age
26:43 Bow Saw
30:51 Grand Trunk Road
30:36 Horse Collar
34:49 Wheelbarrow
35:34 Fletching
37:40 Hand Cart
42:49 Imperial Age
40:30 Padded Archer Armor
40:31 Scale Mail Armor
40:41 Forging
40:28 Bodkin Arrow
40:02 Pikeman
40:42 Squires
41:17 Caravan
41:34 Gold Mining
42:03 Heavy Plow
42:33 Chain Mail Armor
42:33 Leather Archer Armor
42:46 Thumb Ring
43:47 Ballistics
44:31 Chemistry
43:52 Ballistics
43:38 Siege Engineers
43:43 Masonry
44:50 Conscription
46:18 Elite Skirmisher
47:08 Bracer
47:13 Town Watch
48:34 Shatagni
49:37 Ring Archer Armor
54:50 Hoardings
55:21 Two-Man Saw
55:41 Gold Shaft Mining
57:14 Coinage
56:53 Scale Barding Armor
57:24 Iron Casting
56:36 Arson
57:06 Fortified Wall
56:46 Guard Tower
56:54 Murder Holes
56:36 Elite Ghulam
57:34 Spies/Treason
EyesOfWar
4:33 Loom
13:59 Feudal Age
18:25 Wheelbarrow
24:03 Castle Age
23:06 Forging
23:03 Scale Barding Armor
25:19 Hand Cart
25:24 Husbandry
26:19 Double-Bit Axe
29:01 Iron Casting
32:38 Chain Barding Armor
34:21 Horse Collar
34:38 Gold Mining
34:45 Stone Mining
36:33 Heavy Plow
37:33 Bow Saw
45:14 Imperial Age
43:43 Light Cavalry
45:37 Cavalier
45:40 Hussar
47:38 Crop Rotation
48:09 Two-Man Saw
48:09 Conscription
48:07 Logistica
49:39 Plate Barding Armor
49:51 Elite Cataphract
54:48 Paladin
56:22 Gold Shaft Mining
56:23 Stone Shaft Mining
58:20 Crossbowman
59:05 Thumb Ring
58:56 Fletching
59:07 Scale Mail Armor
59:07 Padded Archer Armor
58:58 Spies/Treason
roro
15:00 Feudal Age
19:01 Castle Age
18:21 Double-Bit Axe
19:31 Loom
20:11 Pikeman
WallaWalla
17:08 Feudal Age
15:24 Loom
22:49 Castle Age
22:52 Horse Collar
23:00 Double-Bit Axe
24:42 Gold Mining
24:43 Stone Mining
26:29 Wheelbarrow
28:04 Fletching
30:07 Squires
30:41 Pikeman
32:14 Ballistics
32:56 Bodkin Arrow
33:02 Padded Archer Armor
37:34 Hand Cart
43:01 Imperial Age
43:11 Imperial Age
41:33 Husbandry
41:54 Leather Archer Armor
41:42 Scale Mail Armor
43:48 Stone Shaft Mining
43:48 Gold Shaft Mining
43:25 Heavy Plow
43:41 Bow Saw
45:42 Conscription
46:30 Bracer
46:46 Chain Mail Armor
46:45 Bloodlines
46:44 Elite Mangudai
54:17 Chemistry
minjin0530
13:16 Feudal Age
19:21 Castle Age
34:00 Scale Barding Armor
34:06 Forging
39:25 Town Watch
44:11 Iron Casting
45:34 Pikeman
47:55 Chain Barding Armor
Connection lost

Rejoining the realm…

Still unreachable

The connection could not be restored.

Session expired

The server has moved on; the page needs a fresh start.